 Dungeon Crawl Stone Soup version 0.27-a0-75-g9f9dfd16e9 (webtiles) character file.

Game seed: 12309617886373603376

98 Forecaster the Magician (level 4, -2/36 HPs)
             Began as a Naga Hedge Wizard on Jan 12, 2021.
             Was an Initiate of Fedhas.
             Slain by Robin
             ... wielding a +0 spear
              (5 damage)
             ... on level 2 of the Dungeon.
             The game lasted 00:10:42 (2346 turns).

Forecaster the Magician (Naga Hedge Wizard)         Turns: 2346, Time: 00:10:44

Health: -2/36      AC:  2    Str: 13    XL:     4   Next: 71%
Magic:  6/10       EV: 10    Int: 15    God:    Fedhas [......]
Gold:   121        SH:  0    Dex: 10    Spells: 6/11 levels left

rFire    . . .     SeeInvis +   a - +0 dagger
rCold    . . .     Faith    .   (no shield)
rNeg     . . .     Spirit   .   b - +0 robe
rPois    +         Reflect  .   c - +0 hat
rElec    .         Harm     .   (no cloak)
rCorr    .         Rampage  .   (no gloves)
Will     .....                  (no barding)
Stlth    ++........             (no amulet)
HPRegen  0.12/turn              (no ring)
MPRegen  0.12/turn              (no ring)

@: attractive, flying, very slow
A: large, see invisible, deformed body, poison resistance, slowness 2, spit
poison 1, AC +1
a: Spit Poison, Renounce Religion


You were on level 2 of the Dungeon.
You worshipped Fedhas.
Fedhas was noncommittal.
You visited 1 branch of the dungeon, and saw 2 of its levels.

You collected 121 gold pieces.

Inventory:

Hand Weapons
 a - a +0 dagger (weapon)
 d - a +0 short sword
Missiles
 g - 14 poisoned darts
 k - 42 arrows
Armour
 b - a +0 robe (worn)
 c - a +0 hat (worn)
 l - a +0 robe
 t - a +0 robe
Scrolls
 f - 4 scrolls of magic mapping {unknown}
 h - 2 scrolls of identify {unknown}
 j - a scroll of immolation {unknown}
 m - 2 scrolls of fog {unknown}
 o - 2 scrolls of teleportation {unknown}
 p - a scroll of fear {unknown}
 s - a scroll of noise {unknown}
Potions
 i - a potion of degeneration {unknown}
 n - a potion of haste {unknown}
 q - a potion of flight


   Skills:
 + Level 0.3 Fighting
 + Level 0.1 Short Blades
 + Level 2.1 Dodging
 + Level 3.2 Stealth
 + Level 4.1 Spellcasting
 + Level 1.4 Conjurations
 + Level 1.7 Summonings
 + Level 1.0 Translocations


You had 6 spell levels left.
You knew the following spells:

 Your Spells              Type           Power        Failure   Level
a - Magic Dart            Conj           28%          10%         1
b - Call Imp              Summ           8%           13%         2
c - Blink                 Tloc           N/A          19%         2

Your spell library contained the following spells:

 Spells                   Type           Power        Failure   Level
 Slow                     Hex            3%           26%         2
 Conjure Flame            Conj/Fire      5%           36%         3
 Mephitic Cloud           Conj/Pois/Air  4%           41%         3


Dungeon Overview and Level Annotations

Branches:
Dungeon (2/15)

Altars:
Fedhas
Trog

Annotations:
D:2 Robin


Innate Abilities, Weirdness & Mutations

You cannot wear boots.
Your serpentine skin is tough. (AC +1)
You have supernaturally acute eyesight. (SInv)
Armour fits poorly on your strangely shaped body.
Your system is resistant to poisons. (rPois)
You cover ground very slowly.
You can spit poison.


Message History

It was a potion of attraction.
You feel attractive to monsters. Robin hits you but does no damage.
Robin is pulled toward you!
It was a potion of magic.
Magic courses through your body.
Your crimson imp hits Robin but does no damage.
Robin hits you but does no damage.
Casting: Call Imp (safe; 13% risk of failure)
Confirm with . or Enter, or press ? or * to list all spells.
A beastly little devil appears in a puff of flame.
Your crimson imp says, "I'm here!"
Your crimson imp misses Robin.
Robin hits you with a +0 spear.
* * * LOW HITPOINT WARNING * * *
Casting: Call Imp (safe; 13% risk of failure)
Confirm with . or Enter, or press ? or * to list all spells.
A beastly little devil appears in a puff of flame.
Your crimson imp blinks!
Your crimson imp hits Robin but does no damage.
Robin hits you with a +0 spear.
You die...
Fedhas appreciates your contribution to the ecosystem.

.†...≈#.#....#.#........#...###
....≈≈#.#....#.#..............#
...≈≈.#.#....#.#...#......###.###
≈..≈.........#.#...######## #.##.
≈...........≈#..≈############.##.
≈≈..≈≈≈.≈...♣.≈≈≈≈..........#.##.
#≈..≈......♣.♣≈≈.5.########.#.##.
+≈≈.≈...≈.≈5≈).≈≈≈.# #.#.##.
#.≈≈...†≈♣.≈.§5g@..# ##.#.##.
...≈....≈≈≈..#≈†5.## #.......
....####≈.≈†.≈.≈..########.[.)##.
######≈≈≈.♣)..≈≈.......#....##.
....≈≈.#≈.≈#..######.#....### ..
####.≈..≈≈..♣.............### ..
#........###########......... ...
#.#......# #....#####
...##.#......# #....#


You could see Robin and 4 friendly crimson imps.

Vanquished Creatures
  An ooze (D:1)
  3 leopard geckos
  A ball python (D:2)
  A giant cockroach (D:1)
  9 goblins
  2 hobgoblins (D:1)
  2 jackals (D:1)
  A quokka (D:2)
  5 bats
  4 frilled lizards
  3 kobolds
  4 rats (D:1)
36 creatures vanquished.

Vanquished Creatures (collateral kills)
  Natasha (twice) (D:2)
  A hound zombie (D:2)
  A worm (D:2)
  A giant cockroach (D:2)
  6 hobgoblins
  2 jackals (D:1)
  A kobold (D:1)
  A frilled lizard (D:1)
  5 goblins
20 creatures vanquished.

Grand Total: 56 creatures vanquished

Notes
Turn   | Place    | Note
-------+----------+-------------------------------------------
     0 | D:1      | Forecaster the Naga Hedge Wizard began the quest for the
                  | Orb.
     0 | D:1      | Reached XP level 1. HP: 15/15 MP: 4/4
   181 | D:1      | Reached XP level 2. HP: 22/22 MP: 1/6
   184 | D:1      | Learned a level 2 spell: Call Imp
   187 | D:1      | Learned a level 2 spell: Blink
   694 | D:1      | Reached XP level 3. HP: 28/28 MP: 1/8
  1843 | D:2      | Noticed Natasha
  1857 | D:2      | Killed Natasha
  1858 | D:2      | Reached XP level 4. HP: 22/36 MP: 4/9
  1951 | D:2      | Reached skill level 4 in Spellcasting
  2079 | D:2      | Found a bloodstained altar of Trog.
  2154 | D:2      | Found a blossoming altar of Fedhas.
  2157 | D:2      | Became a worshipper of Fedhas Madash
  2168 | D:2      | Noticed Natasha
  2177 | D:2      | Killed Natasha
  2311 | D:2      | Noticed Robin
  2346 | D:2      | Slain by Robin

Illustrated notes

Levels and vault maps discovered:
D:1:      psy_arrival_fountain, layout_loops_cross, minmay_misc_feat_doors
D:2:      layout_basic, lemuel_crystal_altar, overflow_temple_1_default,
          serial_rivers, chequers_serial_rivers_large_b,
          chequers_serial_rivers_micro_a, chequers_serial_rivers_small_b,
          chequers_serial_rivers_micro_d, chequers_serial_rivers_marsh,
          grunt_ministairs_10, hangedman_decor_growths, uniq_natasha, uniq_robin

Skill      XL: |  1  2  3  4 |
---------------+-------------+-----
Dodging        | 2 |  2.1
Spellcasting   | 4 |  4.1
Fighting       | |  0.3
Short Blades   | |  0.1
Stealth        | |  3.2
Conjurations   | |  1.4
Summonings     | |  1.7
Translocations | |  1.0

Action                   |  1- 3 |  4- 6 || total
-------------------------+-------+-------++-------
Melee: Dagger            |    57 |    22 ||    79
 Cast: Magic Dart        |    44 |    14 ||    58
       Call Imp          |    17 |    10 ||    27
       Blink             |       |     1 ||     1
  Use: Potion            |       |     3 ||     3
 Stab: Sleeping          |     4 |       ||     4
Armor: Robe              |     6 |     9 ||    15
Dodge: Dodged            |    35 |    19 ||    54

Table legend: (Time is in decaauts)
 A = Elapsed time spent in this place.
 B = Non-inter-level travel time spent in this place.
 C = Inter-level travel time spent in this place.
 D = Time resting spent in this place.
 E = Time spent auto-exploring this place.
 F = Levels seen in this place.
 G = Mean time per level.
                   A        B        C        D        E       F      G
               +--------+--------+--------+--------+--------+-----+--------+
         Total |   2876 |   2815 |     61 |     34 |   1957 |   2 | 1438.0 |
       Dungeon |   2876 |   2815 |     61 |     34 |   1957 |   2 | 1438.0 |
               +--------+--------+--------+--------+--------+-----+--------+

Top non-repeatable levels by time:
     D:1: 1532 daAuts
     D:2: 1343 daAuts
